 Dungeon Crawl Stone Soup version 0.18.1-5-g4a78601 (webtiles) character file.

124 Lovchig the Shield-Bearer (level 4, -1/40 HPs)
             Began as a Minotaur Fighter on May 13, 2016.
             Slain by a quokka (2 damage)
             ... on level 4 of the Dungeon.
             The game lasted 00:05:38 (1684 turns).

Lovchig the Shield-Bearer (Minotaur Fighter)        Turns: 1684, Time: 00:05:38

Health: -1/40      AC:  7    Str: 26    XL:     4   Next: 81%
Magic:  3/3        EV:  8    Int:  5    God:
Gold:   98         SH: 10    Dex: 10    Spells: 0 memorised, 3 levels left

rFire  . . .     SeeInvis .     a - +0 war axe
rCold  . . .     Gourm    .     b - +0 scale mail
rNeg   . . .     Faith    .     c - +0 shield
rPois  .         Spirit   .     (helmet restricted)
rElec  .         Dismiss  .     (no cloak)
rCorr  .         Reflect  .     (no gloves)
SustAt +         Harm     .     (no boots)
MR     .....                    (no amulet)
Stlth  ..........               (no ring)
                                n - ring of sustain attributes

@: mighty, lethally poisoned (-1 -> -4), not resistant to hostile enchantments,
extremely unstealthy
A: retaliatory headbutt, horns 2
a: no special abilities


You were on level 4 of the Dungeon.
You were not hungry.

You visited 1 branch of the dungeon, and saw 4 of its levels.

You collected 98 gold pieces.

Inventory:

Hand Weapons
 a - a +0 war axe (weapon)
Armour
 b - a +0 scale mail (worn)
 c - a +0 shield (worn)
Jewellery
 n - a ring of sustain attributes (left hand)
 p - an uncursed ring of ice {unknown}
Wands
 m - a wand of disintegration (7/24)
Scrolls
 i - a scroll of remove curse
 l - a scroll of recharging
 q - 2 scrolls of teleportation {unknown}
Potions
 d - a potion of might
 e - a potion of cancellation {unknown}
 j - a potion of magic {unknown}
 o - a potion of lignification {unknown}
 r - a potion of agility {unknown}
Comestibles
 f - 5 bread rations
 g - 3 chunks of flesh
 h - 3 meat rations
 k - a beef jerky


   Skills:
 * Level 4.3 Fighting
 * Level 3.6 Axes
 * Level 4.3 Armour
 * Level 1.3 Dodging
 + Level 0.5 Stealth
 * Level 4.5 Shields


You had 3 spell levels left.
You didn't know any spells.

Dungeon Overview and Level Annotations

Branches:
Dungeon (4/15)
 Temple: D:4-7

Altars:

Annotations:
D:4 Grinder


Innate Abilities, Weirdness & Mutations

You reflexively headbutt those who attack you in melee.
You have a pair of horns on your head.


Message History

* * * LOW HITPOINT WARNING * * *
The quokka bites you.
* * * LOW HITPOINT WARNING * * *
You block the adder's attack.
You closely miss Grinder.
Grinder is lightly wounded.
You closely miss the adder.
The adder is moderately wounded.
You barely miss the quokka.
* * * LOW HITPOINT WARNING * * *
You feel sick. Grinder hits you but does no damage.
You block the quokka's attack. You block the adder's attack.
Grinder closely misses you. You furiously retaliate!
You headbutt Grinder! The quokka barely misses you.
The adder closely misses you.
You barely miss Grinder.
Grinder is heavily wounded.
You slash the adder!
You kill the adder!
You closely miss the quokka. The quokka bites you.
You die...

. #.
#.####
..#..
...## ...
#5#
#<##.##@#
.......r#
#.#..#..#
.... #..#
#.# #...
. #..#
...# ....
.#.#.


You could see Grinder and a quokka.

Vanquished Creatures
  4 adders
  An ooze (D:2)
  4 worms
  3 dart slugs
  9 orcs (D:3)
  3 bats
  4 giant cockroaches
  7 goblins
  4 hobgoblins
  4 jackals (D:2)
  A quokka (D:3)
  5 ball pythons (D:3)
  2 giant newts
  4 kobolds
  A rat (D:1)
56 creatures vanquished.

Notes
Turn   | Place    | Note
--------------------------------------------------------------
     0 | D:1      | Lovchig the Minotaur Fighter began the quest for the Orb.
     0 | D:1      | Reached XP level 1. HP: 19/19 MP: 0/0
    66 | D:1      | Reached XP level 2. HP: 27/27 MP: 1/1
   617 | D:2      | Reached XP level 3. HP: 3/33 MP: 2/2
   875 | D:2      | Reached XP level 4. HP: 30/40 MP: 3/3
  1192 | D:3      | Reached skill level 1 in Dodging
  1676 | D:4      | Noticed Grinder
  1682 | D:4      | HP: 2/40 [quokka (4)]
  1684 | D:4      | Slain by a quokka

Skill      XL: |  1  2  3  4 |
---------------+-------------+-----
Axes           | 3 |  3.6
Fighting       | 4 |  4.3
Shields        | 4 |  4.5
Armour         | 4 |  4.3
Dodging        | 1 |  1.3
Stealth        | |  0.5

Action                   |  1- 3 |  4- 6 || total
-------------------------+-------+-------++-------
Melee: War axe           |    66 |    43 ||   109
       Headbutt          |    17 |     8 ||    25
  Use: Scroll            |     3 |       ||     3
       Potion            |       |     1 ||     1
  Eat: Chunk             |       |     3 ||     3
Armor: Scale mail        |    48 |    21 ||    69
Dodge: Dodged            |    24 |    20 ||    44
Block: Shield            |    55 |    28 ||    83
